 Dungeon Crawl Stone Soup version 0.31-a0-662-g684573625c (webtiles) character file.

Game seed: 4521058252920874521

212 Joey1 the Ruffian (level 5, -4/48 HPs)
             Began as a Troll Shapeshifter on Aug 31, 2023.
             Was an Initiate of Okawaru.
             Slain by an orc warrior
             ... wielding a +0 flail
              (6 damage)
             ... on level 4 of the Dungeon.
             The game lasted 00:04:57 (1747 turns).

Joey1 the Ruffian (Troll Shapeshifter)              Turns: 1747, Time: 00:04:57

Health: -4/48      AC:  4    Str: 24    XL:     5   Next: 58%
Magic:  4/4        EV:  9    Int:  6    God:    Okawaru [......]
Gold:   171        SH:  0    Dex:  9    Spells: 4/4 levels left

rFire   . .          .
                       - Unarmed
rCold   . . .        (no shield)
rNeg    . . .        a - +0 animal skin
rPois   .            (helmet currently unavailable)
rElec   .            (cloak currently unavailable)
rCorr   +            (gloves unavailable)
SInv    .            (boots unavailable)
Will    .....        (no amulet)
Stlth   +            j - ring of resist corrosion
HPRegen 1.08/turn    (no ring)
MPRegen 0.09/turn

%: no passive effects
@: beast-form
A: beast (slay +1), large, unfitting armour, claws 3, regeneration 1, shaggy fur
1, tough skin 1
a: Begin Untransformation, Renounce Religion


You were on level 4 of the Dungeon.
You worshipped Okawaru.
Okawaru was noncommittal.
You were a hulking beast.
You visited 1 branch of the dungeon, and saw 4 of its levels.

You collected 171 gold pieces.

Inventory:

Armour
 a - a +0 animal skin (worn)
Jewellery
 j - a ring of resist corrosion (left claw)
Talismans
 c - a beast talisman (active)
 d - a flux talisman
Scrolls
 e - 2 scrolls of identify {unknown}
 h - 2 scrolls of teleportation {unknown}
 i - a scroll of vulnerability {unknown}
Potions
 b - a potion of lignification
 f - 2 potions of curing {unknown}
 g - 2 potions of heal wounds {unknown}


   Skills:
 - Level 1.0 Fighting
 - Level 1.5 Dodging
 + Level 6.3 Unarmed Combat
 - Level 3.0 Shapeshifting


You had 4 spell levels left.
You didn't know any spells.
Your spell library was empty.

Dungeon Overview and Level Annotations

Branches:
Dungeon (4/15)
 Temple: D:4-7

Altars:
Okawaru


Innate Abilities, Weirdness & Mutations

You are a hulking beast.
Your limbs bulge with bestial killing power. (Slay +1)
You are too large for most types of armour.
You have claws for hands.
Your natural rate of healing is unusually fast.
You are covered in fur. (AC +1)
You have tough skin. (AC +1)


Message History

The orc shouts!
You hear an angry hiss.
An orc warrior comes into view. It is wielding a +0 flail.
An iguana comes into view.
The iguana hisses angrily.
The orc hits you with a +2 hand axe of freezing.
The orc freezes you.
You claw the orc!
You kill the orc!
Okawaru accepts your kill.
You mangle the orc!!
You kill the orc!
Okawaru accepts your kill.
You closely miss the orc warrior.
The orc warrior hits you with a +0 flail!
You claw the orc warrior!
The orc warrior is moderately wounded.
The orc warrior hits you with a +0 flail.
You scratch the orc warrior.
The orc warrior is heavily wounded.
The orc warrior hits you with a +0 flail!
You barely miss the orc warrior.
The orc warrior is heavily wounded.
The orc warrior closely misses you.
You scratch the orc warrior.
The orc warrior is severely wounded.
The orc warrior hits you with a +0 flail!
* * * LOW HITPOINT WARNING * * *
You scratch the orc warrior but do no damage.
The orc warrior is severely wounded.
The orc warrior closely misses you.
You barely miss the orc warrior.
The orc warrior is severely wounded.
You closely miss the orc warrior.
The orc warrior is severely wounded.
The orc warrior hits you with a +0 flail!
* * * LOW HITPOINT WARNING * * *
You scratch the orc warrior.
The orc warrior is almost dead.
The orc warrior hits you with a +0 flail.
You die...

###.##†<.†....#
########..P##........#
#.#....†...♣♣P......####
.........PP♣♣..#.##...
.#......P.♣.P...# .##.#
#####.#.PPP.#... .# #
#.##...##..## #
#.#######..# #h# #o# #l#
#.# #.# ... ... ...


You could see an orc warrior and an iguana.

Vanquished Creatures
  An orc priest (D:3)
  Terence (D:2)
  An orc wizard (D:3)
  6 adders
  2 dart slugs
  10 orcs
  2 bats
  3 endoplasms
  3 giant cockroaches
  7 goblins
  7 hobgoblins
  2 quokkas
  4 ball pythons
  3 frilled lizards
  9 kobolds
  4 rats
65 creatures vanquished.

Notes
Turn   | Place    | Note
-------+----------+-------------------------------------------
     0 | D:1      | Joey1 the Troll Shapeshifter began the quest for the Orb.
     0 | D:1      | Reached XP level 1. HP: 18/18 MP: 0/0
    12 | D:1      | Reached skill level 1 in Fighting
    13 | D:1      | Found a faded altar of an unknown god.
    86 | D:1      | Reached XP level 2. HP: 27/27 MP: 1/1
   425 | D:2      | Reached skill level 4 in Unarmed Combat
   425 | D:2      | Reached XP level 3. HP: 33/33 MP: 2/2
   570 | D:2      | Reached skill level 5 in Unarmed Combat
   570 | D:2      | Reached XP level 4. HP: 41/41 MP: 3/3
   583 | D:2      | Noticed Terence
   587 | D:2      | Killed Terence
   882 | D:3      | Found an iron altar of Okawaru.
   894 | D:3      | Became a worshipper of Warmaster Okawaru
  1415 | D:3      | HP: 1/41 [orc priest/divine providence (10)]
  1417 | D:3      | Reached XP level 5. HP: 3/48 MP: 4/4
  1488 | D:3      | Reached skill level 6 in Unarmed Combat
  1734 | D:4      | Noticed an orc warrior
  1746 | D:4      | HP: 1/48 [orc warrior/+0 flail (13)]
  1747 | D:4      | Slain by an orc warrior

Illustrated notes

Levels and vault maps discovered:
D:1:      erik_arrival_blinker_ship, layout_rooms, basic_ecumenical_altar,
          minmay_misc_feat_columns, minmay_tripent
D:2:      layout_rooms, chequers_jeans, uniq_terence
D:3:      layout_loops_ring, okawaru_trees_2
D:4:      layout_basic, kennysheep_mini, serial_forest,
          infiniplex_forest_clump_small, infiniplex_forest_clump_small,
          infiniplex_forest_straight_2, infiniplex_forest_clump_large,
          infiniplex_forest_lined_1, infiniplex_forest_lined_4_way,
          infiniplex_forest_lined_room_, infiniplex_forest_end_double,
          uniq_robin

Skill      XL: |  1  2  3  4  5 |
---------------+----------------+-----
Fighting       | 1 |  1.0
Unarmed Combat | 4 5 6 |  6.3
Dodging        | |  1.5
Shapeshifting  | |  3.0

Action                     |  1- 3 |  4- 6 || total
---------------------------+-------+-------++-------
  Melee: Unarmed           |    58 |    92 ||   150
         Punch             |     1 |     2 ||     3
 Armour: Animal skin       |    36 |    62 ||    98
  Dodge: Dodged            |    24 |    30 ||    54

Table legend: (Time is in decaauts)
 A = Elapsed time spent in this place.
 B = Non-inter-level travel time spent in this place.
 C = Inter-level travel time spent in this place.
 D = Time resting spent in this place.
 E = Time spent auto-exploring this place.
 F = Levels seen in this place.
 G = Mean time per level.
                   A        B        C        D        E       F      G
               +--------+--------+--------+--------+--------+-----+--------+
         Total |   1732 |   1601 |    131 |      0 |   1208 |   4 |  433.0 |
       Dungeon |   1732 |   1601 |    131 |      0 |   1208 |   4 |  433.0 |
               +--------+--------+--------+--------+--------+-----+--------+

Top non-repeatable levels by time:
     D:3: 840 daAuts
     D:2: 454 daAuts
     D:1: 391 daAuts
     D:4: 45 daAuts
